 Dungeon Crawl Stone Soup version 0.17.1-3-g152610e (webtiles) character file.

1064 Peloso the Shield-Bearer (level 8, -3/70 HPs)
             Began as a Minotaur Fighter on Apr 1, 2016.
             Slain by a sky beast (5 damage)
             ... on level 5 of the Dungeon.
             The game lasted 00:08:48 (4079 turns).

Peloso the Shield-Bearer (Minotaur Fighter)         Turns: 4079, Time: 00:08:48

Health: -3/70      AC: 13    Str: 20    XL:     8   Next: 6%
Magic:  7/7        EV:  8    Int:  5    God:
Gold:   251        SH: 10    Dex: 13    Spells: 0 memorised, 7 levels left

rFire  . . .     SeeInvis .     a - +0 long sword
rCold  . . .     Clarity  .     I - +0 chain mail
rNeg   . . .     SustAt   .     c - +0 shield
rPois  +         Gourm    .     (helmet restricted)
rElec  .         Spirit   .     v - +2 cloak {MR+}
rCorr  .         Warding  .     (no gloves)
rMut   .         Stasis   .     (no boots)
MR     +....                    (no amulet)
Stlth  ..........               (no ring)
                                h - ring of poison resistance

@: somewhat resistant to hostile enchantments, extremely unstealthy
A: retaliatory headbutt, horns 2
a: no special abilities


You were on level 5 of the Dungeon.
You were not hungry.

You visited 1 branch of the dungeon, and saw 5 of its levels.

You collected 251 gold pieces.

Inventory:

Hand Weapons
 a - a +0 long sword (weapon)
Armour
 b - a +0 scale mail
 c - a +0 shield (worn)
 v - a +2 cloak of magic resistance (worn)
 C - a cursed +0 pair of boots
 G - a cursed +0 cloak
 I - a +0 chain mail (worn)
Jewellery
 h - a ring of poison resistance (left hand)
Wands
 y - a wand of fireball (5)
 E - a wand of flame (24)
Scrolls
 f - a scroll of noise {unknown}
 i - 2 scrolls of teleportation {unknown}
 j - a scroll of amnesia {unknown}
 l - a scroll of magic mapping {unknown}
 m - 9 scrolls of identify {unknown}
 n - 2 scrolls of enchant armour {unknown}
 q - a scroll of random uselessness {unknown}
 r - a scroll of enchant weapon {unknown}
 w - 4 scrolls of remove curse {unknown}
 F - a scroll of blinking {unknown}
Potions
 d - 3 potions of might
 g - 5 potions of brilliance {unknown}
 k - 2 potions of poison {unknown}
 o - 3 potions of degeneration {unknown}
 p - 2 potions of agility {unknown}
 s - 2 potions of berserk rage {unknown}
 u - a potion of resistance {unknown}
 x - 2 potions of cure mutation {unknown}
 z - a potion of flight {unknown}
 A - 2 potions of heal wounds
 D - a potion of haste
Books
 B - a book of Enchantments

   Spells                             Type                      Level
   a - Cause Fear                     Hexes                        4
   b - Silence                        Hexes/Air                    5
   c - Deflect Missiles               Charms/Air                   6
   d - Haste                          Charms                       6
   e - Discord                        Hexes                        8
Comestibles
 e - 4 bread rations
 t - a slice of pizza


   Skills:
 + Level 5.9 Fighting
 + Level 5.0 Long Blades
 + Level 6.2 Armour
 + Level 4.2 Dodging
 + Level 0.3 Stealth
 + Level 6.8 Shields


You had 7 spell levels left.
You didn't know any spells.

Dungeon Overview and Level Annotations

Branches:
Dungeon (5/15)
 Temple: D:4-7

Altars:
Elyvilon
Fedhas
Makhleb
Vehumet
Yredelemnul
The Shining One


Innate Abilities, Weirdness & Mutations

You reflexively headbutt those who attack you in melee.
You have a pair of horns on your head.


Message History

The gnoll is almost dead.
You block the orc's attack. Something hits you. Something shocks you.
* * * LOW HITPOINT WARNING * * *
The gnoll closely misses you. You furiously retaliate!
You headbutt the gnoll!
You kill the gnoll!
Unknown command.
You completely miss something. Your headbutt misses something.
Something hits you.
* * * LOW HITPOINT WARNING * * *
Something shocks you.
* * * LOW HITPOINT WARNING * * *
You slash something! Something hits you but does no damage. Something hits you.
* * * LOW HITPOINT WARNING * * *
Something shocks you.
* * * LOW HITPOINT WARNING * * *
You barely miss something. You block its attack.
You closely miss something. You headbutt something. Something hits you.
* * * LOW HITPOINT WARNING * * *
Something shocks you.
You die...

#.#.# ####.# .....
#.#.# ##.##.### ..>...
#.#.###.......###......
#...##.....#...........
##..#.......#...)...>..
#..#......#.###[.##..#
#........#o## #.#
.........##.##.# .#
#####.########@# # #.#
#..........#
#.......##........ ##
#### .######## #


You could see an orc.

Vanquished Creatures
  Grinder (D:3)
  Edmund (D:5)
  An ogre (D:5)
  A centaur (D:5)
  A giant frog (D:4)
  A scorpion (D:4)
  The ghost of schorsch312 the Firebug, a weakling DrFE (D:3)
  A giant frog zombie (D:5)
  A crimson imp (D:5)
  A giant frog skeleton (D:4)
  An orc priest (D:5)
  Crazy Yiuf (D:3)
  Ijyb (D:3)
  Jessica (D:2)
  Natasha (thrice) (D:3)
  2 worker ants
  A worker ant zombie (D:5)
  Robin (D:2)
  A gnoll (D:5)
  3 adders
  A shadow imp (D:5)
  3 worms
  5 orcs
  6 bats
  4 giant cockroaches
  8 goblins
  8 hobgoblins
  2 jackals (D:1)
  A quokka (D:2)
  A ball python skeleton (D:3)
  4 giant newts
  8 kobolds
  2 rats (D:2)
  A fungus (D:3)
79 creatures vanquished.

Notes
Turn   | Place    | Note
--------------------------------------------------------------
     0 | D:1      | Peloso the Minotaur Fighter began the quest for the Orb.
     0 | D:1      | Reached XP level 1. HP: 19/19 MP: 0/0
   241 | D:1      | Reached skill level 4 in Fighting
   279 | D:1      | Reached XP level 2. HP: 27/27 MP: 1/1
   728 | D:2      | Noticed Jessica
   737 | D:2      | Killed Jessica
   737 | D:2      | Reached XP level 3. HP: 26/33 MP: 2/2
   971 | D:2      | Found a blossoming altar of Fedhas.
  1001 | D:2      | Reached XP level 4. HP: 32/40 MP: 3/3
  1104 | D:2      | Noticed Robin
  1115 | D:2      | Killed Robin
  1461 | D:3      | Noticed Grinder
  1472 | D:3      | Paralysed by Grinder for 7 turns
  1481 | D:3      | Paralysed by Grinder for 4 turns
  1484 | D:3      | HP: 2/41 [Grinder (4)]
  1485 | D:3      | Killed Grinder
  1485 | D:3      | Reached skill level 5 in Shields
  1485 | D:3      | Reached XP level 5. HP: 2/47 MP: 4/4
  1485 | D:3      | Reached XP level 6. HP: 2/55 MP: 5/5
  1655 | D:3      | Noticed Ijyb
  1682 | D:3      | Killed Ijyb
  1888 | D:3      | Noticed schorsch312's ghost (weakling DrFE)
  1905 | D:3      | Reached skill level 5 in Fighting
  1919 | D:3      | Killed schorsch312's ghost
  1919 | D:3      | Reached skill level 5 in Armour
  2117 | D:3      | Found a burning altar of Makhleb.
  2133 | D:3      | Noticed Natasha
  2139 | D:3      | Killed Natasha
  2166 | D:3      | Noticed Crazy Yiuf
  2195 | D:3      | Killed Crazy Yiuf
  2383 | D:3      | Noticed Natasha
  2392 | D:3      | Killed Natasha
  2526 | D:3      | Noticed Natasha
  2534 | D:3      | Killed Natasha
  2832 | D:4      | You fall through a shaft!
  2832 | D:5      | Entered Level 5 of the Dungeon
  2855 | D:5      | Reached skill level 6 in Shields
  2855 | D:5      | Reached XP level 7. HP: 61/61 MP: 6/6
  2888 | D:5      | Found a basalt altar of Yredelemnul.
  2952 | D:5      | Found a white marble altar of Elyvilon.
  3082 | D:5      | Found a glowing golden altar of the Shining One.
  3141 | D:5      | Found a radiant altar of Vehumet.
  3316 | D:5      | Noticed Edmund
  3324 | D:5      | Killed Edmund
  4064 | D:5      | Reached skill level 5 in Long Blades
  4064 | D:5      | Reached XP level 8. HP: 47/70 MP: 7/7
  4077 | D:5      | HP: 2/70 [something (6)]
  4079 | D:5      | Slain by a sky beast

Action                   |  1- 3 |  4- 6 |  7- 9 || total
-------------------------+-------+-------+-------++-------
Melee: Long sword        |    79 |   133 |    89 ||   301
  Use: Potion            |       |     1 |       ||     1
  Eat: Chunk             |       |     5 |     4 ||     9
       Beef jerky        |       |     1 |       ||     1
